 Dungeon Crawl Stone Soup version 0.23-a0-358-g98c7a59 (webtiles) character file.

4 BingusPrime the Grasshopper (level 1, -3/14 HPs)
             Began as an Octopode Warper on Oct 22, 2018.
             Slain by a leopard gecko (4 damage)
             ... on level 1 of the Dungeon.
             The game lasted 00:00:15 (46 turns).

BingusPrime the Grasshopper (Octopode Warper)         Turns: 46, Time: 00:00:16

Health: -3/14      AC:  1    Str: 10    XL:     1   Next: 60%
Magic:  3/3        EV: 13    Int: 15    God:
Gold:   9          SH:  0    Dex: 11    Spells: 4/4 levels left

rFire    . . .     SeeInvis .   a - +0 falchion
rCold    . . .     Gourm    .   (no shield)
rNeg     . . .     Faith    .   (helmet restricted)
rPois    .         Spirit   .   (no amulet)
rElec    .         Reflect  .   (no ring)
rCorr    .         Harm     .   (no ring)
MR       .....                  (no ring)
Stlth    ++........             (no ring)
HPRegen  0.04/turn              (no ring)
MPRegen  0.08/turn              (no ring)
                                (no ring)
                                (no ring)

@: no status effects
A: almost no armour, stealthy swim, amphibious, 8 rings, constrict 8, camouflage
1, gelatinous body 1
a: no special abilities


You were on level 1 of the Dungeon.
You were not hungry.

You visited 1 branch of the dungeon, and saw 1 of its levels.

You collected 9 gold pieces.

Inventory:

Hand Weapons
 a - a +0 falchion (weapon)
Missiles
 d - 5 tomahawks of dispersal (quivered)
Jewellery
 b - an uncursed ring of protection from magic {unknown}
Scrolls
 c - a scroll of blinking
Comestibles
 f - a ration


   Skills:
 + Level 2.0 Fighting
 + Level 2.2 Long Blades
 + Level 1.0 Throwing
 + Level 2.3 Dodging
 + Level 2.1 Spellcasting
   Level 3.0 Translocations


You had 4 spell levels left.
You didn't know any spells.
Your spell library contained the following spells:

 Spells                   Type           Power        Failure   Level  Hunger
 Blink                    Tloc           N/A          10%         2    ###....
 Shroud of Golubria       Chrm/Tloc      #.........   19%         2    ###....
 Gell's Gravitas          Tloc           ##........   19%         3    ###....
 Lesser Beckoning         Tloc           ##........   19%         3    ###....
 Teleport Other           Tloc           ##......     19%         3    ###....
 Passage of Golubria      Tloc           N/A          54%         4    #####..


Dungeon Overview and Level Annotations

Branches:
Dungeon (1/15)

Altars:


Innate Abilities, Weirdness & Mutations

You cannot wear most types of armour.
You are very stealthy in the water. (Stealth+)
You are amphibious.
You can wear up to eight rings at the same time.
You can use your tentacles to constrict eight enemies at once.
Your skin changes colour to match your surroundings (Stealth+).
Your rubbery body absorbs attacks. (AC +1, EV +1)


Message History

You constrict the hobgoblin.
You kill the hobgoblin!
A leopard gecko comes into view.
You see here a hobgoblin corpse.
The leopard gecko hisses angrily.
You see here a hobgoblin corpse.
You see here an onyx ring.
b - an onyx ring The leopard gecko barely misses you.
You barely miss the leopard gecko. Your grab misses the leopard gecko.
The leopard gecko bites you.
* * * LOW HITPOINT WARNING * * *
You hit the leopard gecko. You grab the leopard gecko.
The leopard gecko is moderately wounded.
You constrict the leopard gecko. The leopard gecko misses you.
You barely miss the leopard gecko.
The leopard gecko is heavily wounded.
You constrict the leopard gecko. The leopard gecko closely misses you.
The leopard gecko bites you.
You die...

#)#.#.###.#
#.#.#.# #.##.#
..#.#..##.##.####
#..[...........
...##.##.##.####
...........#
####.##.##.#
####.##.##.#
.....>.@l†.#
.###.#####.# #
#.# #.# #.# #.#
#.# #.#


You could see a leopard gecko.

Vanquished Creatures
  A bat (D:1)
  A hobgoblin (D:1)
  2 rats (D:1)
4 creatures vanquished.

Notes
Turn   | Place    | Note
-------+----------+-------------------------------------------
     0 | D:1      | BingusPrime the Octopode Warper began the quest for the
                  | Orb.
     0 | D:1      | Reached XP level 1. HP: 14/14 MP: 3/3
    46 | D:1      | Slain by a leopard gecko

Vault maps used:
D:1:      saegor_arrival_simple_b

Action                   || total
-------------------------++-------
Melee: Falchion          ||    12
       Constrict         ||     5
Armor: Skin              ||     2
Dodge: Dodged            ||     9

Table legend:
 A = Non-vault XP
 B = Vault XP
 C = Vault XP percentage of total XP
 D = Non-vault monster count
 E = Vault monster count
 F = Vault count percentage of total count
                 A         B        C        D         E       F
            +---------+---------+-------+---------+---------+-------
      Total |       6 |       0 |   0.0 |       4 |       0 |   0.0
            +---------+---------+-------+---------+---------+-------
        D:1 |       6 |       0 |   0.0 |       4 |       0 |   0.0
            +---------+---------+-------+---------+---------+-------
